APP
TEXAS (APP) RANGERS @ PULASKI YANKEES
06/09/2049
 
TOP OF THE 1ST
Texas (APP) Rangers batting - Pitching for Pulaski Yankees : LHP Sergio Huerta
Pitching: LHP Sergio Huerta
Batting: SHB Tim Rogers 0-0: Swinging Strike
0-1: Foul Ball, location: 2F
0-2: Ball
1-2: Foul Ball, location: 2F
1-2: Ball
2-2: Ball
3-2: Foul Ball, location: 2F
3-2: Ground out 4-3 (Groundball, 4, EV 81.9 MPH)
Batting: RHB Robert Topete 0-0: Foul Ball, location: 2F
0-1: Ball
1-1: Called Strike
1-2: Ball
2-2: Foul Ball, location: 2F
2-2: Ball
3-2: Fly out, F8 (Flyball, 8LD, EV 93.1 MPH)
Batting: RHB Jerry Foster 0-0: Called Strike
0-1: Ball
1-1: Called Strike
1-2: Ground out 5-3 (Groundball, 56, EV 101.2 MPH)
Top of the 1st over - 0 runs, 0 hits, 0 errors, 0 left on base; Texas (APP) 0 - Pulaski 0
BOTTOM OF THE 1ST
Pulaski Yankees batting - Pitching for Texas (APP) Rangers : RHP Reinaart Meyer
Pitching: RHP Reinaart Meyer
Batting: RHB Jim O'Dwyer 0-0: Ball
1-0: Fly out, F8 (Line Drive, 89M, EV 85.6 MPH)
Batting: RHB Ken Stair 0-0: Ball
1-0: Ground out 6-3 (Groundball, 6M, EV 81.9 MPH)
Batting: SHB Dylan Best 0-0: Foul Ball, location: 2F
0-1: Swinging Strike
0-2: Strikes out looking
Bottom of the 1st over - 0 runs, 0 hits, 0 errors, 0 left on base; Texas (APP) 0 - Pulaski 0
TOP OF THE 2ND
Texas (APP) Rangers batting - Pitching for Pulaski Yankees : LHP Sergio Huerta
Batting: RHB Ron Squires 0-0: Called Strike
0-1: Ball
1-1: Ball
2-1: Foul Ball, location: 2F
2-2: Ball
3-2: Base on Balls
Batting: LHB Alex Rivera 0-0: Ball
1-0: Fly out, F8 (Flyball, 8RS, EV 86.9 MPH)
Batting: RHB Ryan Salas 0-0: Called Strike
Ron Squires steals 2nd base
0-1: Ball
1-1: Ball
2-1: Ground out U3 (Groundball, 34, EV 85.6 MPH)
Ron Squires to third
Batting: RHB Josh Shoemaker 0-0: Ball
1-0: SINGLE (Line Drive, 8RS, EV 99.4 MPH)
Ron Squires scores
Batting: RHB Torsten Fisher 0-0: Foul Ball, location: 2F
0-1: SINGLE (Groundball, 56S, EV 70.0 MPH) (infield hit)
Josh Shoemaker to second
Batting: SHB Tyler Romo 0-0: Foul Ball, location: 2F
0-1: Foul Ball, location: 2F
0-2: DOUBLE (Groundball, 5L, EV 107.5 MPH)
Josh Shoemaker scores
Torsten Fisher to third
Batting: SHB Tim Rogers 0-0: Ball
1-0: Ground out 5-3 (Groundball, 56, EV 82.5 MPH)
Top of the 2nd over - 2 runs, 3 hits, 0 errors, 2 left on base; Texas (APP) 2 - Pulaski 0
BOTTOM OF THE 2ND
Pulaski Yankees batting - Pitching for Texas (APP) Rangers : RHP Reinaart Meyer
Batting: RHB Paul Ngumi 0-0: Called Strike
0-1: Ball
1-1: SINGLE (Flyball, 5D, EV 93.1 MPH)
Batting: RHB Jonathan Feldstein 0-0: Called Strike
0-1: Called Strike
0-2: Foul Ball, location: 2F
0-2: Foul Ball, location: 2F
0-2: Ball
1-2: Strikes out looking
Batting: LHB Dave Ortiz 0-0: Ball
Paul Ngumi is caught stealing 2nd base 2-6
1-0: Ball
2-0: Foul Ball, location: 2F
2-1: Foul Ball, location: 2F
2-2: Ball
3-2: Foul Ball, location: 2F
3-2: Foul Ball, location: 2F
3-2: Base on Balls
Batting: LHB Rip Log 0-0: Ball
1-0: Swinging Strike
1-1: Called Strike
1-2: Strikes out swinging
Bottom of the 2nd over - 0 runs, 1 hit, 0 errors, 1 left on base; Texas (APP) 2 - Pulaski 0
TOP OF THE 3RD
Texas (APP) Rangers batting - Pitching for Pulaski Yankees : LHP Sergio Huerta
Batting: RHB Robert Topete 0-0: Ball
1-0: Ball
2-0: Ball
3-0: Base on Balls
Batting: RHB Jerry Foster 0-0: Foul Ball, location: 2F
0-1: Ball
1-1: Called Strike
1-2: Strikes out swinging
Batting: RHB Ron Squires 0-0: Foul Ball, location: 2F
0-1: Foul Ball, location: 2F
0-2: Foul Ball, location: 2F
0-2: Ball
1-2: SINGLE (Line Drive, 4D, EV 97.5 MPH)
Robert Topete to second
Runner from 2nd tries for 3rd, SAFE, throw by CF made to third
Batting: LHB Alex Rivera 0-0: Ball
1-0: Called Strike
1-1: Ball
2-1: Swinging Strike
Passed Ball!
Robert Topete scores
Ron Squires to second
2-2: 2-RUN HOME RUN (Flyball, 89XD, EV 110.6 MPH), Distance : 410 ft
Pitching: RHP Yoshida Abe
Batting: RHB Ryan Salas 0-0: SOLO HOME RUN (Flyball, 78XD, EV 100.0 MPH), Distance : 420 ft
Batting: RHB Josh Shoemaker 0-0: Swinging Strike
0-1: Ground out 4-3 (Groundball, 4, EV 106.2 MPH)
Batting: RHB Torsten Fisher 0-0: Foul Ball, location: 2F
0-1: Swinging Strike
0-2: Foul Ball, location: 2F
0-2: Foul Ball, location: 2F
0-2: Ball
1-2: Ball
2-2: Ball
3-2: Foul Ball, location: 2F
3-2: Base on Balls
Batting: SHB Tyler Romo 0-0: Foul Ball, location: 2F
0-1: Called Strike
0-2: Ball
1-2: Ball
2-2: Ball
3-2: Strikes out looking
Top of the 3rd over - 4 runs, 3 hits, 0 errors, 1 left on base; Texas (APP) 6 - Pulaski 0
BOTTOM OF THE 3RD
Pulaski Yankees batting - Pitching for Texas (APP) Rangers : RHP Reinaart Meyer
Batting: RHB Scott Cuff 0-0: Ball
1-0: Called Strike
1-1: Foul Ball, location: 2F
1-2: Strikes out swinging
Batting: RHB Juan Perez 0-0: Ball
1-0: Called Strike
1-1: Ball
2-1: Foul Ball, location: 2F
2-2: DOUBLE (Groundball, 5L, EV 106.9 MPH)
Batting: RHB Jim O'Dwyer 0-0: Ball
1-0: Swinging Strike
1-1: Swinging Strike
1-2: Ball
2-2: Ball
3-2: Strikes out swinging
Batting: RHB Ken Stair 0-0: Ball
1-0: Ball
2-0: Ball
3-0: Called Strike
3-1: Base on Balls
Batting: SHB Dylan Best 0-0: Ball
1-0: Foul Ball, location: 2F
1-1: Ball
2-1: Ball
3-1: Swinging Strike
3-2: Fly out, F8 (Flyball, 89D, EV 111.2 MPH)
Bottom of the 3rd over - 0 runs, 1 hit, 0 errors, 2 left on base; Texas (APP) 6 - Pulaski 0
TOP OF THE 4TH
Texas (APP) Rangers batting - Pitching for Pulaski Yankees : RHP Yoshida Abe
Batting: SHB Tim Rogers 0-0: Swinging Strike
0-1: Foul Ball, location: 2F
0-2: Strikes out swinging
Batting: RHB Robert Topete 0-0: Ball
1-0: Ball
2-0: Ball
3-0: Base on Balls
Batting: RHB Jerry Foster 0-0: Ball
1-0: Foul Ball, location: 2F
1-1: Ball
2-1: Ball
3-1: Base on Balls
Robert Topete to second
Batting: RHB Ron Squires 0-0: Called Strike
0-1: Called Strike
0-2: Reached on error, E3 (Groundball, 3S, EV 90.6 MPH)
Robert Topete to third
Jerry Foster to second
Batting: LHB Alex Rivera 0-0: Foul Ball, location: 2F
0-1: Foul Ball, location: 2F
0-2: Foul Ball, location: 2F
0-2: Fielders Choice at 2nd, 3-6 (Groundball, 34S, EV 80.6 MPH)
Robert Topete scores
Jerry Foster to third
Batting: RHB Ryan Salas 0-0: Foul Ball, location: 2F
0-1: Foul Ball, location: 2F
0-2: Ball
1-2: Ground out 4-3 (Groundball, 4, EV 103.8 MPH)
Top of the 4th over - 1 run, 0 hits, 1 error, 2 left on base; Texas (APP) 7 - Pulaski 0
BOTTOM OF THE 4TH
Pulaski Yankees batting - Pitching for Texas (APP) Rangers : RHP Reinaart Meyer
Batting: RHB Paul Ngumi 0-0: Ball
1-0: Swinging Strike
1-1: Ball
2-1: Called Strike
2-2: Ball
3-2: Strikes out swinging
Batting: RHB Jonathan Feldstein 0-0: Fly out, F6 (Line Drive, 6, EV 70.0 MPH)
Batting: LHB Dave Ortiz 0-0: Called Strike
0-1: Ball
1-1: Swinging Strike
1-2: Ground out 6-3 (Groundball, 6M, EV 91.9 MPH)
Bottom of the 4th over - 0 runs, 0 hits, 0 errors, 0 left on base; Texas (APP) 7 - Pulaski 0
TOP OF THE 5TH
Texas (APP) Rangers batting - Pitching for Pulaski Yankees : RHP Yoshida Abe
Batting: RHB Josh Shoemaker 0-0: Ball
1-0: Called Strike
1-1: Swinging Strike
1-2: Ground out 6-3 (Groundball, 6S, EV 70.0 MPH)
Batting: RHB Torsten Fisher 0-0: Ball
1-0: Called Strike
1-1: Ground out 5-3 (Groundball, 56, EV 80.6 MPH)
Batting: SHB Tyler Romo 0-0: Called Strike
0-1: Foul Ball, location: 2F
0-2: Foul Ball, location: 2F
0-2: Fly out, F5 (Popup, 56S, EV 68.8 MPH)
Top of the 5th over - 0 runs, 0 hits, 0 errors, 0 left on base; Texas (APP) 7 - Pulaski 0
BOTTOM OF THE 5TH
Pulaski Yankees batting - Pitching for Texas (APP) Rangers : RHP Reinaart Meyer
Batting: LHB Rip Log 0-0: Ball
1-0: Swinging Strike
1-1: Called Strike
1-2: Ground out 4-3 (Groundball, 4, EV 85.6 MPH)
Batting: RHB Scott Cuff 0-0: Foul Ball, location: 2F
0-1: Ball
1-1: TRIPLE (Line Drive, 78XD, EV 104.4 MPH)
Batting: RHB Juan Perez 0-0: Called Strike
0-1: Ball
1-1: Ball
Passed Ball!
Scott Cuff scores
2-1: Swinging Strike
2-2: Foul Ball, location: 2F
2-2: Strikes out swinging
Batting: RHB Jim O'Dwyer 0-0: Swinging Strike
0-1: Fly out, F9 (Flyball, 89S, EV 98.1 MPH)
Bottom of the 5th over - 1 run, 1 hit, 0 errors, 0 left on base; Texas (APP) 7 - Pulaski 1
TOP OF THE 6TH
Texas (APP) Rangers batting - Pitching for Pulaski Yankees : RHP Yoshida Abe
Pitching: LHP Jordan Medina
Batting: SHB Tim Rogers 0-0: SINGLE (Groundball, 4MD, EV 90.6 MPH) (infield hit)
Batting: RHB Robert Topete 0-0: Ball
1-0: Called Strike
1-1: Called Strike
1-2: Ball
2-2: Ball
3-2: Fly out, F9 (Flyball, 89M, EV 92.5 MPH)
Batting: RHB Jerry Foster 0-0: Foul Ball, location: 2F
0-1: Called Strike
0-2: Ball
1-2: SINGLE (Line Drive, 8RS, EV 89.4 MPH)
Tim Rogers to second
Runner from 2nd tries for 3rd, SAFE, throw by CF made to third
Batting: RHB Ron Squires 0-0: Foul Ball, location: 2F
0-1: Swinging Strike
0-2: Ball
1-2: Ball
2-2: Ball
3-2: Base on Balls
Jerry Foster to second
Batting: LHB Alex Rivera 0-0: Fly out, F7 (Flyball, 7S, EV 83.8 MPH)
Batting: RHB Ryan Salas 0-0: Ball
1-0: Swinging Strike
1-1: Ball
2-1: Swinging Strike
Passed Ball!
Tim Rogers scores
Jerry Foster to third
Ron Squires to second
2-2: Foul Ball, location: 2F
2-2: Ball
3-2: Base on Balls
Batting: RHB Josh Shoemaker 0-0: Ball
1-0: Called Strike
1-1: Ball
2-1: Ball
3-1: Foul Ball, location: 2F
3-2: Fly out, F2 (Popup, 25F, EV 93.8 MPH)
Top of the 6th over - 1 run, 2 hits, 0 errors, 3 left on base; Texas (APP) 8 - Pulaski 1
BOTTOM OF THE 6TH
Pulaski Yankees batting - Pitching for Texas (APP) Rangers : RHP Reinaart Meyer
Pitching: RHP Brad Sanchez
Batting: RHB Ken Stair 0-0: Ball
1-0: Foul Ball, location: 2F
1-1: Ball
2-1: Foul Ball, location: 2F
2-2: Ball
3-2: Fly out, F7 (Flyball, 7, EV 82.5 MPH)
Batting: SHB Dylan Best 0-0: Ground out 4-3 (Groundball, 4MD, EV 83.8 MPH)
Batting: RHB Paul Ngumi 0-0: Ball
1-0: Fly out, F7 (Flyball, 78D, EV 92.5 MPH)
Bottom of the 6th over - 0 runs, 0 hits, 0 errors, 0 left on base; Texas (APP) 8 - Pulaski 1
TOP OF THE 7TH
Texas (APP) Rangers batting - Pitching for Pulaski Yankees : LHP Jordan Medina
Batting: RHB Torsten Fisher 0-0: Ball
1-0: Foul Ball, location: 2F
1-1: Ball
2-1: Fly out, F8 (Flyball, 8RM, EV 80.6 MPH)
Batting: SHB Tyler Romo 0-0: Ball
1-0: Called Strike
1-1: Swinging Strike
1-2: Strikes out swinging, 2-3 out at first.
Batting: SHB Tim Rogers 0-0: Foul Ball, location: 2F
0-1: Foul Ball, location: 2F
0-2: Strikes out swinging
Top of the 7th over - 0 runs, 0 hits, 0 errors, 0 left on base; Texas (APP) 8 - Pulaski 1
BOTTOM OF THE 7TH
Pulaski Yankees batting - Pitching for Texas (APP) Rangers : RHP Brad Sanchez
Pinch Hitting: LHB Chris Viehman 0-0: Ball
1-0: Swinging Strike
1-1: Swinging Strike
1-2: Foul Ball, location: 2F
1-2: Foul Ball, location: 2F
1-2: Ball
2-2: Foul Ball, location: 2F
2-2: Strikes out looking
Batting: LHB Dave Ortiz 0-0: Ball
1-0: Ball
2-0: Fly out, F6 (Popup, 6MD, EV 50.6 MPH)
Pinch Hitting: RHB Tchaa Kombate 0-0: Called Strike
0-1: Swinging Strike
0-2: Ball
1-2: Ground out 6-3 (Groundball, 56D, EV 106.9 MPH)
Bottom of the 7th over - 0 runs, 0 hits, 0 errors, 0 left on base; Texas (APP) 8 - Pulaski 1
TOP OF THE 8TH
Texas (APP) Rangers batting - Pitching for Pulaski Yankees : LHP Jordan Medina
Now at 2B: Chris Viehman
Now at 3B: Paul Ngumi
Now in LF: Tchaa Kombate
Batting: RHB Robert Topete 0-0: Ball
1-0: Called Strike
1-1: Swinging Strike
1-2: Foul Ball, location: 2F
1-2: Ball
2-2: Strikes out swinging
Batting: RHB Jerry Foster 0-0: Foul Ball, location: 2F
0-1: Swinging Strike
0-2: Ball
1-2: Strikes out looking
Batting: RHB Ron Squires 0-0: Foul Ball, location: 2F
0-1: Swinging Strike
0-2: Strikes out swinging
Top of the 8th over - 0 runs, 0 hits, 0 errors, 0 left on base; Texas (APP) 8 - Pulaski 1
BOTTOM OF THE 8TH
Pulaski Yankees batting - Pitching for Texas (APP) Rangers : RHP Brad Sanchez
Pinch Hitting: LHB Troy Jones 0-0: Called Strike
0-1: Ball
1-1: Ball
2-1: Foul Ball, location: 2F
2-2: Strikes out swinging
Pinch Hitting: LHB Victor Reyna 0-0: Swinging Strike
0-1: Ball
1-1: Called Strike
1-2: Foul Ball, location: 2F
1-2: Ball
2-2: Strikes out swinging
Batting: RHB Jim O'Dwyer 0-0: Ground out 5-3 (Groundball, 56S, EV 83.8 MPH)
Bottom of the 8th over - 0 runs, 0 hits, 0 errors, 0 left on base; Texas (APP) 8 - Pulaski 1
TOP OF THE 9TH
Texas (APP) Rangers batting - Pitching for Pulaski Yankees : LHP Jordan Medina
Now at SS: Dylan Best
Now in CF: Troy Jones
Now in RF: Victor Reyna
Batting: LHB Alex Rivera 0-0: Ball
1-0: Called Strike
1-1: Swinging Strike
1-2: Ball
2-2: SINGLE (Groundball, 6MD, EV 93.8 MPH)
Pitching: RHP Frank Medrano
Batting: RHB Ryan Salas 0-0: Ball
1-0: Called Strike
1-1: Ball
2-1: Ball
3-1: Base on Balls
Alex Rivera to second
Batting: RHB Josh Shoemaker 0-0: Ball
1-0: Called Strike
1-1: Ball
2-1: Fielders Choice at 2nd, 3-6 (Groundball, 34, EV 98.8 MPH)
Alex Rivera to third
Batting: RHB Torsten Fisher 0-0: Hit by Pitch
Josh Shoemaker to second
Batting: SHB Tyler Romo 0-0: Ball
1-0: Called Strike
1-1: Ball
Wild Pitch!
Alex Rivera scores
Josh Shoemaker to third
Torsten Fisher to second
2-1: Swinging Strike
2-2: Foul Ball, location: 2F
2-2: Strikes out swinging
Batting: SHB Tim Rogers 0-0: Ball
1-0: SINGLE (Line Drive, 8RS, EV 84.4 MPH)
Josh Shoemaker scores
Torsten Fisher to third
Runner from 3rd tries for Home, SAFE, throw by CF to home
Batting: RHB Robert Topete 0-0: Ball
1-0: Ball
2-0: Ball
3-0: Base on Balls
Tim Rogers to second
Batting: RHB Jerry Foster 0-0: Ball
1-0: Fly out, F9 (Flyball, 9LD, EV 105.6 MPH)
Top of the 9th over - 3 runs, 2 hits, 0 errors, 2 left on base; Texas (APP) 11 - Pulaski 1
BOTTOM OF THE 9TH
Pulaski Yankees batting - Pitching for Texas (APP) Rangers : RHP Brad Sanchez
Batting: RHB Ken Stair 0-0: Foul Ball, location: 2F
0-1: Ball
1-1: Ball
2-1: Ball
3-1: Foul Ball, location: 2F
3-2: Base on Balls
Pitching: RHP Jose Vela
Batting: SHB Dylan Best 0-0: Called Strike
0-1: Ball
1-1: Swinging Strike
1-2: Ball
2-2: Strikes out swinging
Batting: RHB Paul Ngumi 0-0: Foul Ball, location: 2F
0-1: Swinging Strike
0-2: Ball
1-2: Strikes out looking
Batting: LHB Chris Viehman 0-0: Called Strike
0-1: Ball
1-1: Ball
2-1: SINGLE (Line Drive, 78S, EV 100.0 MPH)
Ken Stair to second
Pinch Hitting: RHB Mustafa bin Gamali 0-0: Called Strike
0-1: Ball
1-1: Called Strike
1-2: Strikes out swinging
Bottom of the 9th over - 0 runs, 1 hit, 0 errors, 2 left on base; Texas (APP) 11 - Pulaski 1
Sunday, July 16th , 2023 - OOTP Baseball 24.6 Build 69